 Dungeon Crawl Stone Soup version 0.28.0-62-gf88900778d (webtiles) character file.

Game seed: 9069919633821351103

187 cbfl8 the Chopper (level 5, -5/47 HPs)
             Began as a Minotaur Berserker on July 3, 2023.
             Was a Believer of Trog.
             Slain by Sigmund
             ... wielding a +0 scythe
              (10 damage)
             ... on level 3 of the Dungeon.
             The game lasted 00:02:16 (2784 turns).

cbfl8 the Chopper (Minotaur Berserker)              Turns: 2784, Time: 00:02:17

Health: -5/47      AC:  3    Str: 21    XL:     5   Next: 39%
Magic:  4/4        EV: 16    Int:  4    God:    Trog [**....]
Gold:   100        SH:  0    Dex: 12    Spells: 4/4 levels left

rFire   . . .      SeeInvis .   a - +0 hand axe
rCold   . . .      Faith    .   (no shield)
rNeg    . . .      Spirit   .   b - +0 animal skin
rPois   .          Reflect  .   (helmet restricted)
rElec   .          Harm     .   g - +0 cloak
rCorr   .          Rampage  .   (no gloves)
Will    .....                   (no boots)
Stlth   +.........              (no amulet)
HPRegen 0.15/turn               c - +4 ring of evasion
MPRegen 0.09/turn               (no ring)

@: confused, on berserk cooldown, slowed, very slow
A: horns 2, retaliatory headbutt
a: Renounce Religion, Berserk, Trog's Hand


You were on level 3 of the Dungeon.
You worshipped Trog.
Trog was pleased with you.
You visited 1 branch of the dungeon, and saw 3 of its levels.

You collected 122 gold pieces.
You spent 22 gold pieces at shops.

Inventory:

Hand Weapons
 a - a +0 hand axe (weapon)
Armour
 b - a +0 animal skin (worn)
 g - a +0 cloak (worn)
Jewellery
 c - a +4 ring of evasion (left hand)
Wands
 i - a wand of flame (6) (quivered)
Scrolls
 f - a scroll of holy word
 j - a scroll of teleportation
 l - a scroll of fog {unknown}
Potions
 d - a potion of might
 e - 2 potions of attraction {unknown}
 h - 2 potions of brilliance {unknown}
 k - a potion of degeneration {unknown}
 m - a potion of haste {unknown}


   Skills:
 + Level 4.3 Fighting
 * Level 5.7 Axes
 * Level 3.2 Armour
 + Level 2.9 Dodging
 + Level 1.0 Stealth
 * Level 1.2 Evocations


You had 4 spell levels left.
You didn't know any spells.
Your spell library was empty.

Dungeon Overview and Level Annotations

Branches:
Dungeon (3/15)

Altars:

Shops:
D:1 *

Annotations:
D:3 Sigmund


Innate Abilities, Weirdness & Mutations

You have a pair of horns on your head.
You reflexively headbutt those who attack you in melee.


Message History

You bump into the rock wall.
You hear some strange, mumbled words.
A puff of flame appears from out of thin air!
The puff of flame hits you!
You miss something.
You're too confused to move!
Something closely misses you.
You bump into the rock wall.
You feel a strong urge to attack something.
You are no longer berserk.
You are exhausted.
You feel yourself slow down.
You hear some strange, mumbled words.
You are more confused.
Something closely misses you.
You bump into the rock wall.
You hear some strange, mumbled words.
You are more confused.
Something barely misses you.
You bump into the rock wall.
You hear some strange, mumbled words.
A puff of flame appears from out of thin air!
The puff of flame hits you!
* * * LOW HITPOINT WARNING * * *
You hit something. Your headbutt misses something. Something barely misses you.
Okay, then.
You are too confused!
You bump into the rock wall.
You hear some strange, mumbled words.
You are more confused.
Something hits you!
* * * LOW HITPOINT WARNING * * *
You hit something. Your headbutt misses something. Something barely misses you.
You are too confused!
You bump into the rock wall.
You hear some strange, mumbled words.
Something tries to affect you, but you resist.
You hear some strange, mumbled words.
You are more confused.
Something hits you!
You die...

.######...##.#.# .#
##.###.#(# .#
#.###.#.# .# #.##..#.#
.# #.##.#..#
.#######.##.#.##
....<....##.#.# #
.##########.#.######.#
..........@..o.#
#####.#.########
...#.# ### #.# #.# #.#
#.# #.#


You could see an orc.

Vanquished Creatures
  Crazy Yiuf (D:2)
  Natasha (thrice) (D:2)
  2 adders (D:2)
  3 dart slugs
  5 ball pythons
  5 endoplasms
  A giant cockroach (D:1)
  4 goblins
  8 hobgoblins
  4 jackals (D:2)
  3 kobolds (D:3)
  4 quokkas
  5 bats
  4 frilled lizards
  4 rats (D:1)
56 creatures vanquished.

Vanquished Creatures (others)
  5 fungi (D:2)
5 creatures vanquished.

Grand Total: 61 creatures vanquished

Notes
Turn   | Place    | Note
-------+----------+-------------------------------------------
     0 | D:1      | cbfl8 the Minotaur Berserker began the quest for the Orb.
     0 | D:1      | Reached XP level 1. HP: 19/19 MP: 0/0
   171 | D:1      | Reached skill level 4 in Axes
   171 | D:1      | Reached XP level 2. HP: 23/27 MP: 1/1
   578 | D:1      | Found Luakhito's General Store.
   658 | D:1      | Bought a scroll of identify for 22 gold pieces
   831 | D:1      | Reached XP level 3. HP: 33/33 MP: 2/2
   983 | D:1      | Found a faded altar of an unknown god.
  1016 | D:2      | Reached ** piety under Trog
  1339 | D:2      | Noticed Natasha
  1346 | D:2      | Reached XP level 4. HP: 40/40 MP: 3/3
  1354 | D:2      | Killed Natasha
  1355 | D:2      | Reached skill level 5 in Axes
  1926 | D:2      | Found a runed translucent door.
  1927 | D:2      | Noticed Crazy Yiuf
  1935 | D:2      | Killed Crazy Yiuf
  1936 | D:2      | Reached skill level 1 in Evocations
  1999 | D:2      | Noticed Natasha
  2224 | D:2      | Killed Natasha
  2225 | D:2      | Reached XP level 5. HP: 32/46 MP: 4/4
  2373 | D:2      | Noticed Natasha
  2383 | D:2      | Killed Natasha
  2657 | D:3      | Reached skill level 1 in Stealth
  2758 | D:3      | Noticed Sigmund
  2784 | D:3      | Slain by Sigmund

Illustrated notes

Levels and vault maps discovered:
D:1:      giann_bridges, layout_basic, serial_shops,
          nicolae_shop_advertising_works [nicolae_subvault_shop_adworks],
          shapermc_ecumenical_altar_hornbeckon
D:2:      layout_rooms, uniq_natasha, uniq_crazy_yiuf_cottage
D:3:      layout_loops_ring, lemuel_old_faithful, uniq_sigmund, uniq_grinder

Skill      XL: |  1  2  3  4  5 |
---------------+----------------+-----
Axes           | 4 5 |  5.7
Fighting       | 4 |  4.3
Armour         | 3 |  3.2
Evocations     | 1 |  1.2
Stealth        | 1 |  1.0
Dodging        | |  2.9

Action                   |  1- 3 |  4- 6 || total
-------------------------+-------+-------++-------
Melee: Hand axe          |    80 |    62 ||   142
       Headbutt          |     8 |    11 ||    19
       Punch             |     1 |       ||     1
Invok: Berserk           |     1 |     2 ||     3
  Use: Scroll            |     3 |       ||     3
 Stab: Sleeping          |     3 |     2 ||     5
Armor: Animal skin       |    13 |     5 ||    18
Dodge: Dodged            |    73 |    24 ||    97
